 Dungeon Crawl Stone Soup version 0.25.0-10-g039870ee82 (webtiles) character file.

Game seed: 804104211769762918

511 mopl the Insei (level 7, -2/43 HPs)
             Began as an Octopode Transmuter on June 23, 2020.
             Was a Follower of Uskayaw.
             Slain by a gnoll
             ... wielding a +2 spear of chaos
              (8 damage)
             ... on level 4 of the Dungeon.
             The game lasted 00:06:20 (3720 turns).

mopl the Insei (Octopode Transmuter)                Turns: 3720, Time: 00:06:21

Health: -2/43      AC:  2    Str: 10    XL:     7   Next: 19%
Magic:  13/21      EV: 26    Int: 15    God:    Uskayaw [*.....]
Gold:   200        SH:  5    Dex: 19    Spells: 2/12 levels left

rFire    . . .     SeeInvis .     - Unarmed
rCold    . . .     Gourm    .   (shield currently unavailable)
rNeg     . . .     Faith    .   (helmet currently unavailable)
rPois    x         Spirit   .   p - amulet of reflection
rElec    .         Reflect  +   b - ring of magical power
rCorr    .         Harm     .   (no ring)
MR       .....                  (no ring)
Stlth    ++........             (no ring)
HPRegen  0.14/turn              (no ring)
MPRegen  0.17/turn              (no ring)
                                (no ring)
                                (no ring)

@: agile, spider-form, very slightly contaminated, hasted, lightly drained, very
quick
A: tiny, almost no armour, stealthy swim, (amphibious), 8 rings, (constrict 8)
a: End Transformation, Stomp, Renounce Religion


You were on level 4 of the Dungeon.
You worshipped Uskayaw.
Uskayaw was noncommittal.
You were not hungry.
You were a venomous arachnid creature.
You visited 2 branches of the dungeon, and saw 5 of its levels.

You collected 200 gold pieces.

Inventory:

Missiles
 a - 48 arrows
 f - 35 sling bullets
 h - 52 stones (quivered)
 i - 16 poisoned darts
 w - 5 boomerangs
Jewellery
 b - a ring of magical power (left front leg)
 l - an uncursed ring of ice
 p - an amulet of reflection (around neck)
Scrolls
 g - 3 scrolls of teleportation {unknown}
 j - 2 scrolls of identify {unknown}
 k - a scroll of fog {unknown}
 n - a scroll of immolation {unknown}
 o - a scroll of fear {unknown}
 q - a scroll of amnesia {unknown}
 s - a scroll of blinking {unknown}
 t - a scroll of remove curse {unknown}
 u - a scroll of enchant weapon {unknown}
 x - a scroll of magic mapping {unknown}
Potions
 d - a potion of degeneration {unknown}
 e - a potion of haste
 m - a potion of berserk rage {unknown}
 r - 2 potions of curing
Comestibles
 c - 7 rations
 v - a chunk of flesh


   Skills:
 - Level 1.0(0.7) Fighting
 + Level 3.1(2.8) Dodging
 * Level 5.5(5.2) Unarmed Combat
 + Level 3.4(3.2) Spellcasting
 + Level 3.7(3.4) Transmutations
 + Level 0.4(0.2) Ice Magic
 - Level 2.0(1.7) Poison Magic
 + Level 0.0 Invocations


You had 2 spell levels left.
You knew the following spells:

 Your Spells              Type           Power        Failure   Level  Hunger
a - Beastly Appendage     Tmut           ##....       14%         1    #......
b - Spider Form           Tmut/Pois      ##........   41%         3    ###....
d - Ice Form              Ice/Tmut       #.......     85%         4    #####..
w - Sticks to Snakes      Tmut           ##......     21%         2    ##.....

Your spell library contained the following spells:

 Spells                   Type           Power        Failure   Level  Hunger
 Blade Hands              Tmut           ##........   92%         5    ######.


Dungeon Overview and Level Annotations

Branches:
Dungeon (4/15)             Temple (1/1) D:4

Altars:
Ashenzari
Cheibriados
Dithmenos
Elyvilon
Fedhas
Hepliaklqana
Kikubaaqudgha
Makhleb
Okawaru
Qazlal
Ru
Trog
Uskayaw
Vehumet
Wu Jian
Xom
Yredelemnul
Zin
The Shining One

Annotations:
D:3 Grinder


Innate Abilities, Weirdness & Mutations

You cannot wear most types of armour.
You are very stealthy in the water. (Stealth+)
((You are amphibious.))
You can wear up to eight rings at the same time.
((You can use your tentacles to constrict eight enemies at once.))
((Your skin changes colour to match your surroundings (Stealth+).))
((Your rubbery body absorbs attacks. (AC +1, EV +1)))


Message History

The gnoll completely misses you.
The gnoll hits you from afar with a +2 spear of chaos.
* * * LOW HITPOINT WARNING * * *
The gnoll freezes you.
* * * LOW HITPOINT WARNING * * *
You hit the gnoll but do no damage.
The gnoll is poisoned.
The gnoll barely misses you.
The gnoll hits you from afar with a +2 spear of chaos.
* * * LOW HITPOINT WARNING * * *
You feel drained. The orc completely misses you.
Unknown command.
You hit the gnoll.
The gnoll is moderately wounded.
The gnoll closely misses you. The gnoll misses you. You block the orc's attack.
Unknown command.
Unknown command.
It was a potion of haste.
You feel yourself speed up. The orc wizard misses you.
The gnoll hits you from afar with a +2 spear of chaos!
You die...

. # # . #### #
##### # ##...#.
.≈.≈# ##≈≈.⌠#
#.§##
###≈#.#o###..#..
##...#⌠#oo...≈≈≈
##.#.≈.)s#≈≈...[
#≈≈.≈≈#≈.g..##≈#
#..⌠#≈#g#.≈≈≈#
##.≈.%≈^≈.#.§§#≈
##.#
##..#_≈#.#.§§≈.
...#
##⌠.#..^⌠##§##
##### #########
## #.... ..#


You could see an orc wizard, 2 gnolls and 2 orcs.

Vanquished Creatures
  An ogre (D:4)
  A bullfrog (D:4)
  An orc priest (D:4)
  Crazy Yiuf (D:3)
  An orc wizard (D:4)
  Natasha (twice) (D:3)
  Terence (D:3)
  A worker ant (D:4)
  2 gnolls (D:4)
  6 adders
  3 worms
  4 dart slugs
  3 leopard geckos (D:2)
  3 orcs
  5 bats
  3 giant cockroaches
  11 goblins
  5 hobgoblins
  11 jackals
  11 kobolds
  2 ball pythons
  2 frilled lizards (D:2)
  13 rats
93 creatures vanquished.

Notes
Turn   | Place    | Note
-------+----------+-------------------------------------------
     0 | D:1      | mopl the Octopode Transmuter began the quest for the Orb.
     0 | D:1      | Reached XP level 1. HP: 13/13 MP: 3/3
   256 | D:1      | Reached XP level 2. HP: 15/18 MP: 5/5
   270 | D:1      | Learned a level 2 spell: Sticks to Snakes
   553 | D:1      | Reached XP level 3. HP: 23/23 MP: 6/6
   703 | D:1      | Learned a level 3 spell: Spider Form
  1342 | D:2      | Reached XP level 4. HP: 18/28 MP: 7/7
  1457 | D:2      | Reached skill level 4 in Unarmed Combat
  1457 | D:2      | Reached skill level 1 in Poison Magic
  2407 | D:3      | Reached XP level 5. HP: 33/33 MP: 9/9
  2589 | D:3      | Noticed Natasha
  2602 | D:3      | Killed Natasha
  2641 | D:3      | Noticed Natasha
  2655 | D:3      | Killed Natasha
  2839 | D:3      | Found a runed translucent door.
  2841 | D:3      | Noticed Crazy Yiuf
  2846 | D:3      | Killed Crazy Yiuf
  2846 | D:3      | Reached XP level 6. HP: 38/38 MP: 10/10
  3024 | D:3      | Noticed Terence
  3033 | D:3      | Killed Terence
  3053 | D:3      | Noticed Grinder
  3239 | D:4      | Reached skill level 5 in Unarmed Combat
  3319 | D:4      | Reached XP level 7. HP: 15/43 MP: 12/12
  3523 | D:4      | Learned a level 4 spell: Ice Form
  3525 | D:4      | Found a staircase to the Ecumenical Temple.
  3563 | Temple   | Entered the Ecumenical Temple
  3683 | Temple   | Became a worshipper of Uskayaw the Reveler
  3708 | D:4      | Found a shimmering altar of Xom.
  3715 | D:4      | Reached * piety under Uskayaw
  3720 | D:4      | Slain by a gnoll

Illustrated notes

Levels and vault maps discovered:
D:1:      sevenhm_arrival_forest_fort_large_4, layout_basic
D:2:      minmay_inner_zag, layout_rooms, first_ration
D:3:      layout_loops_ring, uniq_terence, uniq_natasha,
          uniq_crazy_yiuf_cottage, uniq_grinder
D:4:      layout_loops_ring, tgw_xom, minmay_temple_entry_glass
Temple:   regret_index_temple_mists

Skill      XL: |  1  2  3  4  5  6 |
---------------+-------------------+-----
Unarmed Combat | 4 5 |  5.5
Poison Magic   | 1 2 |  2.0
Transmutations | 3 |  3.7
Spellcasting   | 3 |  3.4
Dodging        | 3 |  3.1
Fighting       | |  1.0
Ice Magic      | |  0.4

Action                   |  1- 3 |  4- 6 |  7- 9 || total
-------------------------+-------+-------+-------++-------
Melee: Unarmed           |    76 |   128 |    15 ||   219
       Constrict         |    22 |    31 |       ||    53
       Tentacles         |     9 |    15 |       ||    24
       Kick              |    11 |    19 |       ||    30
       Punch             |     3 |     3 |       ||     6
 Cast: Beastly Appendage |    13 |    14 |       ||    27
       Spider Form       |       |     3 |     2 ||     5
  Use: Potion            |       |       |     2 ||     2
 Stab: Sleeping          |     5 |     4 |       ||     9
  Eat: Chunk             |     2 |     6 |     2 ||    10
Armor: Skin              |     7 |     8 |       ||    15
Dodge: Dodged            |    46 |    60 |    14 ||   120
Block: Other             |       |    12 |     3 ||    15
       Reflection        |       |       |     2 ||     2
